Map: 破晓之战 - 天梯版 (虚空)

Players

Cham

  • Race: Zerg Zerg
  • Spawn Location: 1:00

Jim - Winner!

  • Race: Protoss Protoss
  • Spawn Location: 7:00

Event: WESG 2016 Finals

VOD

Have the link to the VOD?

Description

Time

  • Played on: Jan. 13, 2017, 3:56 a.m.
  • Length: 6:31

All games in this series

Show
View Real Time Build Order
Export as new Build Order

Cham Zerg 

Build Orders: Pool First 

Get SALT Encoding   

  12  0:00  Drone  
  13  0:08  Drone  
  14  0:17  Overlord  
  14  0:36  Drone  
  14  0:37  Drone x2  
  17  0:55  Spawning Pool  
  17  0:56  Drone  
  17  0:59  Drone  
  18  1:15  Hatchery  
  17  1:20  Extractor  
  17  1:21  Drone  
  17  1:23  Drone  
  18  1:30  Drone  
  19  1:50  Drone, Hatchery  
  19  1:59  Queen  
  21  2:06  Overlord  
  21  2:11  Drone  
  22  2:26  Queen  
  22  2:27  Drone x2  
  22  2:29  Drone  
  27  2:36  Drone  
  28  2:40  Queen  
  30  2:45  Overlord  
  30  2:50  Zergling x2  
  30  2:51  Zergling x2  
  32  2:57  Zergling x2  
  33  2:59  Zergling x2  
  33  3:03  Zergling x2  
  35  3:08  Drone  
  35  3:09  Drone x2  
  35  3:10  Pneumatized Carapace  
  35  3:12  Drone  
  39  3:17  Overlord  
  39  3:21  Drone x2  
  39  3:24  Drone  
  42  3:29  Overlord  
  42  3:32  Overlord  
  42  3:36  Drone  
  42  3:37  Drone  
  44  3:41  Drone  
  44  3:43  Drone  
  44  3:47  Drone x2  
  48  3:54  Drone  
  48  3:55  Drone x2  
  51  4:03  Drone x2, Roach Warren  
  52  4:12  Overlord  
  52  4:14  Drone  
  52  4:15  Drone x4  
  52  4:17  Drone x2, Overlord  
  59  4:22  Overlord  
  59  4:25  Overlord  
  59  4:26  Metabolic Boost  
  59  4:31  Spore Crawler  
  59  4:32  Spore Crawler  
  59  4:33  Spore Crawler  
  56  4:38  Drone  
  56  4:39  Drone  
  56  4:43  Roach  
  56  4:45  Roach  
  62  4:47  Overlord  
  62  4:48  Drone x4  
  62  4:52  Evolution Chamber  
  65  4:54  Overlord  
  65  4:55  Roach  
  65  4:57  Drone  
  65  4:59  Extractor  
  67  5:01  Roach, Overlord  
  67  5:03  Drone  
  67  5:05  Drone x2  
  67  5:06  Drone  
  73  5:09  Zergling x6  
  73  5:12  Overlord  
  76  5:16  Overlord  
  76  5:21  Hatchery  
  76  5:23  Roach x2  
  80  5:28  Roach  
  80  5:32  Roach  
  80  5:38  Roach, Zergling x2  
  80  5:39  Zergling x2  
  80  5:40  Zergling x4  
  82  5:43  Roach, Zergling x2  
  82  5:44  Roach, Zergling x4  
  84  5:52  Roach, Zergling x2  
  84  5:56  Zergling x2  
  85  6:00  Zergling x2  
  77  6:06  Zergling x2  
Show
View Real Time Build Order
Export as new Build Order

Jim Protoss - Winner!

Build Orders: Nexus First 

Get SALT Encoding   

  12  0:00  Probe (Chrono Boost)  
  13  0:11  Probe (Chrono Boost)  
  14  0:17  Pylon  
  14  0:22  Probe (Chrono Boost)  
  15  0:36  Probe (Chrono Boost)  
  16  0:46  Probe (Chrono Boost)  
  17  1:03  Nexus  
  17  1:13  Gateway  
  17  1:15  Probe (Chrono Boost)  
  18  1:22  Assimilator  
  18  1:26  Probe (Chrono Boost)  
  18  1:28  Assimilator  
  19  1:36  Probe (Chrono Boost)  
  20  1:44  Gateway  
  21  1:47  Probe (Chrono Boost)  
  21  1:57  Probe (Chrono Boost)  
  21  2:00  Cybernetics Core  
  22  2:08  Probe (Chrono Boost)  
  24  2:15  Probe (Chrono Boost)  
  24  2:18  Probe (Chrono Boost)  
  27  2:26  Probe (Chrono Boost)  
  27  2:29  Probe (Chrono Boost)  
  29  2:34  Stalker, Adept  
  28  2:38  Probe (Chrono Boost)  
  28  2:39  Warp Gate  
  28  2:41  Probe (Chrono Boost)  
  33  2:45  Pylon  
  33  2:50  Probe (Chrono Boost)  
  34  2:53  Probe (Chrono Boost)  
  35  3:00  Probe (Chrono Boost)  
  35  3:03  Probe (Chrono Boost)  
  37  3:07  Twilight Council  
  37  3:11  Probe (Chrono Boost)  
  38  3:14  Probe (Chrono Boost)  
  38  3:19  Robotics Facility  
  39  3:21  Probe (Chrono Boost)  
  39  3:24  Probe (Chrono Boost)  
  41  3:28  Pylon  
  41  3:31  Resonating Glaives  
  41  3:32  Probe (Chrono Boost)  
  42  3:35  Probe (Chrono Boost)  
  43  3:42  Probe (Chrono Boost)  
  43  3:47  Gateway  
  44  3:49  Gateway  
  44  3:52  Gateway  
  44  3:56  Gateway  
  44  3:59  Probe (Chrono Boost)  
  44  4:01  Probe (Chrono Boost)  
  44  4:02  Assimilator  
  46  4:04  Assimilator  
  46  4:05  Warp Prism  
  46  4:13  Probe (Chrono Boost)  
  51  4:17  Mothership Core (Chrono Boost)  
  51  4:27  Probe (Chrono Boost), Pylon  
  51  4:30  Pylon  
  52  4:31  Pylon  
  52  4:34  Dark Shrine  
  53  4:38  Probe (Chrono Boost)  
  53  4:45  Adept x2  
  55  4:46  Adept  
  55  4:50  Pylon  
  55  4:51  Adept  
  61  4:58  Adept x2  
  61  4:59  Observer  
  66  5:11  Adept x4  
  74  5:18  Adept  
  74  5:19  Adept  
  78  5:25  Pylon  
  78  5:37  Adept x3  
  78  5:38  Adept  
  84  5:59  Dark Templar x3  
  84  6:00  Dark Templar  
  84  6:08  Probe x2 (Chrono Boost)  
  82  6:13  Nexus  
  80  6:25  Dark Templar x2  
  74  6:29  Dark Templar  
Tags
 
Add a new tag
Caveats
  • Supply blocks, unpowered buildings, or Contaminate may cause inaccurate times.
  • Supply counts are checked every 10 seconds.